 Dungeon Crawl Stone Soup version 0.21.1-1-g345015f (webtiles) character file.

21 letownia2 the Conjurer (level 2, -3/15 HPs)
             Began as a Tengu Fire Elementalist on Mar 5, 2018.
             Slain by a gnoll
             ... wielding a +0 whip
              (8 damage)
             ... on level 3 of the Dungeon.
             The game lasted 00:00:41 (116 turns).

letownia2 the Conjurer (Tengu Fire Elementalist)     Turns: 116, Time: 00:00:42

Health: -3/15      AC: 12    Str:  8    XL:     2   Next: 83%
Magic:  6/6        EV: 19    Int: 15    God:
Gold:   21         SH:  0    Dex: 14    Spells: 4/5 levels left

rFire    . . .     SeeInvis .   (weapon currently unavailable)
rCold    + . .     Gourm    .   (shield currently unavailable)
rNeg     + + +     Faith    .   (armour currently unavailable)
rPois    +         Spirit   .   (helmet currently unavailable)
rElec    .         Reflect  .   (cloak currently unavailable)
rCorr    .         Harm     .   (gloves currently unavailable)
MR       .....                  (boots unavailable)
Stlth    ++........             (no amulet)
HPRegen  0.05/turn              d - ring of protection from cold
MPRegen  0.10/turn              (no ring)

@: fungus-form (expiring)
A: tiny
a: no special abilities


You were on level 3 of the Dungeon.
You were not hungry.
You were a sentient fungus.
You visited 1 branch of the dungeon, and saw 3 of its levels.

You collected 21 gold pieces.

Inventory:

Armour
 a - a +0 robe (melded)
Jewellery
 d - a ring of protection from cold (left hypha)
Wands
 f - a wand of polymorph (10)
Scrolls
 e - a scroll of random uselessness {unknown}
Books
 b - a book of Flames

   Spells                             Type                      Level
   a - Flame Tongue                   Conjuration/Fire             1
   b - Throw Flame                    Conjuration/Fire             2
   c - Conjure Flame                  Conjuration/Fire             3
   d - Inner Flame                    Hexes/Fire                   3
   e - Sticky Flame                   Conjuration/Fire             4
   f - Fireball                       Conjuration/Fire             5
Comestibles
 c - 3 rations


   Skills:
 - Level 2.1 Dodging
 - Level 2.0 Stealth
 - Level 2.0 Spellcasting
 + Level 3.6 Conjurations
 - Level 3.2 Fire Magic


You had 4 spell levels left.
You knew the following spells:

 Your Spells              Type           Power        Failure   Level  Hunger
a - Flame Tongue          Conj/Fire      ##...        5%          1    #......


Dungeon Overview and Level Annotations

Branches:
Dungeon (3/15)

Altars:


Innate Abilities, Weirdness & Mutations

((You have a beak for a mouth.))
((You have claws for feet.))


Message History

Letownia2's ghost completely misses you.
Unknown command.
You release spores at letownia2's ghost.
You destroy letownia2's ghost!
Your Conjurations skill increases to level 3!
You have reached level 2!
The hobgoblin closely misses you. The gnoll completely misses you.
Unknown command.
You release spores at the worm.
The worm appears confused.
The worm is almost dead.
The hobgoblin closely misses you. The gnoll completely misses you.
The worm completely misses you. The gnoll closely misses you.
Unknown command.
You release spores at the worm.
You kill the worm!
Your transformation is almost over.
The hobgoblin hits you but does no damage.
The gnoll misses you. The gnoll hits you with a whip!
Ouch! That really hurt!
You die...

#..........#.....#
#......###.#....#
##.#...####.#.#?#
#.........#.....#
#.#.....#.#.###W#######.
#.#.........# #K........
#.#>......#.###.#g#####.
#...........g##g##
#.#....<....lgf..#
#.####..#######....... #
#..# #.##### #.g# .#
g..# .#


You could see 3 gnolls, a leopard gecko and a hobgoblin.

Vanquished Creatures
  The ghost of letownia2 the Conjurer, a weakling TeFE (D:3)
  A worm (D:3)
  A dart slug (D:2)
  A giant cockroach (D:3)
  A kobold (D:3)
5 creatures vanquished.

Notes
Turn   | Place    | Note
-------+----------+-------------------------------------------
     0 | D:1      | letownia2 the Tengu Fire Elementalist began the quest for the Orb.
     0 | D:1      | Reached XP level 1. HP: 10/10 MP: 4/4
    28 | D:1      | You fall through a shaft!
    92 | D:3      | Noticed letownia2's ghost (weakling TeFE)
   114 | D:3      | Killed letownia2's ghost
   114 | D:3      | Reached XP level 2. HP: 5/15 MP: 6/6
   116 | D:3      | Slain by a gnoll

Skill      XL: |  1 |
---------------+----+-----
Conjurations   | 3 |  3.6
Dodging        | |  2.1
Stealth        | |  2.0
Spellcasting   | |  2.0
Fire Magic     | |  3.2

Action                   || total
-------------------------++-------
Melee: Unarmed           ||    10
 Cast: Flame Tongue      ||     2
Evoke: Wand              ||     1
Armor: Skin              ||     7
       Robe              ||     1
Dodge: Dodged            ||    25
